TOP OF THE 1ST |
Cleveland Guardians batting - Pitching for Kansas City Royals : RHP Jimmy Silveira IV
|
Pitching: RHP Jimmy Silveira IV
|
|
Batting: LHB Arvin Dungca
|
0-0: Ball 1-0: Called Strike 1-1: Foul Ball, location: 2F 1-2: Foul Ball, location: 2F 1-2: Ball 2-2: Ball 3-2: Strikes out swinging
|
Batting: LHB Hector Pedroso
|
0-0: Called Strike 0-1: Foul Ball, location: 2F 0-2: Ball 1-2: Strikes out swinging
|
Batting: RHB Nick Ogle
|
0-0: Ball 1-0: Called Strike 1-1: Ball 2-1: Swinging Strike 2-2: Foul Ball, location: 2F 2-2: Strikes out swinging
|
Top of the 1st over - 0 runs, 0 hits, 0 errors, 0 left on base; Cleveland 0 - Kansas City 0 |
BOTTOM OF THE 1ST |
Kansas City Royals batting - Pitching for Cleveland Guardians : RHP Paul Lewis
|
Pitching: RHP Paul Lewis
|
|
Batting: SHB Jose Pacheco
|
0-0: Foul Ball, location: 2F 0-1: Foul Ball, location: 2F 0-2: Ball 1-2: Ball 2-2: SINGLE (Flyball, 8RS, EV 91.9 MPH)
|
Batting: LHB Bill Baconneck
|
0-0: Ball 1-0: Ball 2-0: Ball 3-0: Called Strike 3-1: Foul Ball, location: 2F 3-2: Strikes out swinging
|
Batting: LHB Mike Meyerhoff
|
0-0: Called Strike 0-1: Ball 1-1: Ball 2-1: Fly out, F7 (Line Drive, 78M, EV 90.0 MPH)
|
Batting: RHB Mike Jaquez
|
0-0: Ball 1-0: Fly out, F8 (Flyball, 78XD, EV 98.1 MPH)
|
Bottom of the 1st over - 0 runs, 1 hit, 0 errors, 1 left on base; Cleveland 0 - Kansas City 0 |
TOP OF THE 2ND |
Cleveland Guardians batting - Pitching for Kansas City Royals : RHP Jimmy Silveira IV
|
Batting: LHB Kyle Schaible
|
0-0: Ball 1-0: Ball 2-0: Ball 3-0: Called Strike 3-1: Ground out 4-3 (Groundball, 4, EV 95.0 MPH)
|
Batting: RHB Hiroshige Yamada
|
0-0: Ball 1-0: Ball 2-0: Foul Ball, location: 2F 2-1: Ball 3-1: Fly out, F8 (Flyball, 8RD, EV 100.6 MPH)
|
Batting: RHB Drtian Thaqi
|
0-0: Called Strike 0-1: Ball 1-1: Ball 2-1: Ball 3-1: Called Strike 3-2: Base on Balls
|
Batting: RHB Nick Gentzel
|
0-0: Foul Ball, location: 2F 0-1: Called Strike 0-2: Ground out 2-3 (Groundball, 13S, EV 68.8 MPH)
|
Top of the 2nd over - 0 runs, 0 hits, 0 errors, 1 left on base; Cleveland 0 - Kansas City 0 |
BOTTOM OF THE 2ND |
Kansas City Royals batting - Pitching for Cleveland Guardians : RHP Paul Lewis
|
Batting: LHB Roman Downey
|
0-0: Foul Ball, location: 2F 0-1: Called Strike 0-2: Ball 1-2: Strikes out swinging
|
Batting: SHB Gil Switzer
|
0-0: Swinging Strike 0-1: Ball 1-1: Foul Ball, location: 2F 1-2: Strikes out looking
|
Batting: RHB Bob Najar
|
0-0: Ground out U3 (Groundball, 34, EV 83.1 MPH)
|
Bottom of the 2nd over - 0 runs, 0 hits, 0 errors, 0 left on base; Cleveland 0 - Kansas City 0 |
TOP OF THE 3RD |
Cleveland Guardians batting - Pitching for Kansas City Royals : RHP Jimmy Silveira IV
|
Batting: RHB Henri Cederberg
|
0-0: Foul Ball, location: 2F 0-1: Foul Ball, location: 2F 0-2: SINGLE (Line Drive, 7LS, EV 98.8 MPH)
|
Batting: LHB Corey Trevor
|
0-0: Ball 1-0: Ball 2-0: SINGLE (Groundball, 4M, EV 100.0 MPH) Henri Cederberg to second Runner from 2nd tries for 3rd, SAFE, throw by CF made to third
|
Batting: LHB Arvin Dungca
|
0-0: Ball 1-0: Called Strike 1-1: Foul Ball, location: 2F 1-2: Fielders Choice at 2nd, 1-4 (Groundball, 15S, EV 66.2 MPH)
|
Batting: LHB Hector Pedroso
|
0-0: Ball Arvin Dungca is caught stealing 2nd base 2-6 1-0: Swinging Strike 1-1: Foul Ball, location: 2F 1-2: Foul Ball, location: 2F 1-2: Foul Ball, location: 2F 1-2: Strikes out swinging
|
Top of the 3rd over - 0 runs, 2 hits, 0 errors, 1 left on base; Cleveland 0 - Kansas City 0 |
BOTTOM OF THE 3RD |
Kansas City Royals batting - Pitching for Cleveland Guardians : RHP Paul Lewis
|
Batting: LHB Manny Estrada
|
0-0: Ball 1-0: Ball 2-0: Ball 3-0: Base on Balls
|
Batting: RHB Mikolas Markus
|
0-0: Ball 1-0: Called Strike 1-1: Foul Ball, location: 2F 1-2: Grounds into double play, 6-4-3 (Groundball, 6, EV 78.8 MPH)
|
Batting: SHB Jose Pacheco
|
0-0: Ball 1-0: Swinging Strike 1-1: Foul Ball, location: 2F 1-2: Ball 2-2: SINGLE (Groundball, 6S, EV 68.1 MPH) (infield hit)
|
Batting: LHB Bill Baconneck
|
0-0: Ball 1-0: Ball 2-0: Ball 3-0: Called Strike 3-1: Called Strike 3-2: Base on Balls Jose Pacheco to second
|
Pitching: LHP Fred Kelly
|
|
Batting: LHB Mike Meyerhoff
|
0-0: Swinging Strike 0-1: SINGLE (Line Drive, 8RS, EV 104.4 MPH) Jose Pacheco to third Bill Baconneck to second Runner from 3rd tries for Home, SAFE, throw by CF to home
|
Batting: RHB Mike Jaquez
|
0-0: Fly out, F7 (Line Drive, 7, EV 95.6 MPH)
|
Bottom of the 3rd over - 1 run, 2 hits, 0 errors, 2 left on base; Cleveland 0 - Kansas City 1 |
TOP OF THE 4TH |
Cleveland Guardians batting - Pitching for Kansas City Royals : RHP Jimmy Silveira IV
|
Batting: RHB Nick Ogle
|
0-0: Called Strike 0-1: Ball 1-1: Swinging Strike 1-2: Foul Ball, location: 2F 1-2: Strikes out swinging
|
Batting: LHB Kyle Schaible
|
0-0: Ground out 4-3 (Groundball, 4, EV 89.4 MPH)
|
Batting: RHB Hiroshige Yamada
|
0-0: Fly out, F3 (Popup, 3D, EV 62.5 MPH)
|
Top of the 4th over - 0 runs, 0 hits, 0 errors, 0 left on base; Cleveland 0 - Kansas City 1 |
BOTTOM OF THE 4TH |
Kansas City Royals batting - Pitching for Cleveland Guardians : LHP Fred Kelly
|
Pitching: RHP En-guo Tsu
|
|
Batting: LHB Roman Downey
|
0-0: Called Strike 0-1: Hit by Pitch
|
Batting: SHB Gil Switzer
|
0-0: Ball 1-0: Ball 2-0: Ball 3-0: Swinging Strike 3-1: Called Strike 3-2: Foul Ball, location: 2F 3-2: 2-RUN HOME RUN (Flyball, 7LD, EV 98.1 MPH), Distance : 371 ft
|
Batting: RHB Bob Najar
|
0-0: Called Strike 0-1: Ball 1-1: Called Strike 1-2: Ball 2-2: Ball 3-2: Foul Ball, location: 2F 3-2: Strikes out swinging
|
Batting: LHB Manny Estrada
|
0-0: Ball 1-0: Fly out, F8 (Flyball, 8LXD, EV 90.0 MPH)
|
Batting: RHB Mikolas Markus
|
0-0: Called Strike 0-1: Ball 1-1: Ground out 5-3 (Groundball, 56S, EV 82.5 MPH)
|
Bottom of the 4th over - 2 runs, 1 hit, 0 errors, 0 left on base; Cleveland 0 - Kansas City 3 |
TOP OF THE 5TH |
Cleveland Guardians batting - Pitching for Kansas City Royals : RHP Jimmy Silveira IV
|
Now at C: Sam Britt
|
|
Batting: RHB Drtian Thaqi
|
0-0: Called Strike 0-1: Foul Ball, location: 2F 0-2: SOLO HOME RUN (Flyball, 7LD, EV 96.2 MPH), Distance : 365 ft
|
Batting: RHB Nick Gentzel
|
0-0: Called Strike 0-1: Ball 1-1: Swinging Strike 1-2: Strikes out swinging
|
Batting: RHB Henri Cederberg
|
0-0: Called Strike 0-1: Foul Ball, location: 2F 0-2: Strikes out looking
|
Batting: LHB Corey Trevor
|
0-0: Ball 1-0: Called Strike 1-1: SINGLE (Groundball, 34D, EV 98.8 MPH)
|
Pinch Hitting: RHB Alex Rodriguez Jr.
|
0-0: Called Strike 0-1: Ball 1-1: Ball 2-1: Foul Ball, location: 2F 2-2: Foul Ball, location: 2F 2-2: Ball 3-2: Fly out, F7 (Flyball, 7, EV 88.1 MPH)
|
Top of the 5th over - 1 run, 2 hits, 0 errors, 1 left on base; Cleveland 1 - Kansas City 3 |
BOTTOM OF THE 5TH |
Kansas City Royals batting - Pitching for Cleveland Guardians : RHP En-guo Tsu
|
Now at 1B: Henri Cederberg
|
|
Now at SS: Alex Rodriguez Jr.
|
|
Now in LF: John Harring
|
|
Batting: SHB Jose Pacheco
|
0-0: Ball 1-0: Foul Ball, location: 2F 1-1: Foul Ball, location: 2F 1-2: Foul Ball, location: 2F 1-2: Fly out, F9 (Flyball, 9, EV 87.5 MPH)
|
Pitching: RHP Jared Van Heel
|
|
Batting: RHB Adam Martin
|
0-0: DOUBLE (Line Drive, 3D, EV 104.4 MPH)
|
Batting: LHB Sam Britt
|
0-0: Ball 1-0: Swinging Strike 1-1: Ground out 4-3 (Groundball, 4, EV 84.4 MPH) Adam Martin to third
|
Pinch Hitting: RHB Imbart Faber
|
0-0: Ball 1-0: Foul Ball, location: 2F 1-1: SINGLE (Line Drive, 4M, EV 105.0 MPH) Adam Martin scores
|
Batting: LHB Roman Downey
|
0-0: Ball 1-0: Ball 2-0: Ball 3-0: Base on Balls Imbart Faber to second
|
Batting: SHB Gil Switzer
|
0-0: Ball 1-0: Fly out, F8 (Line Drive, 8RM, EV 101.9 MPH)
|
Bottom of the 5th over - 1 run, 2 hits, 0 errors, 2 left on base; Cleveland 1 - Kansas City 4 |
TOP OF THE 6TH |
Cleveland Guardians batting - Pitching for Kansas City Royals : RHP Jimmy Silveira IV
|
Pitching: RHP Ken Hall
|
|
Now at 1B: Chris Eaker
|
|
Now at 2B: Imbart Faber
|
|
Now at SS: Yuichi Takata
|
|
Now in LF: Zion Davidson
|
|
Batting: LHB John Harring
|
0-0: Ball 1-0: Called Strike 1-1: Called Strike 1-2: Ball 2-2: Ball 3-2: Foul Ball, location: 2F 3-2: Strikes out swinging
|
Batting: RHB Christian Blue
|
0-0: Ball 1-0: Ground out 6-3 (Groundball, 6, EV 86.2 MPH)
|
Pinch Hitting: RHB Casey Truax
|
0-0: Called Strike 0-1: Called Strike 0-2: Ball 1-2: Strikes out swinging
|
Top of the 6th over - 0 runs, 0 hits, 0 errors, 0 left on base; Cleveland 1 - Kansas City 4 |
BOTTOM OF THE 6TH |
Kansas City Royals batting - Pitching for Cleveland Guardians : RHP Jared Van Heel
|
Now at 1B: Danny Dunham
|
|
Now at 2B: Casey Truax
|
|
Batting: RHB Bob Najar
|
0-0: Ball 1-0: Foul Ball, location: 2F 1-1: Ball 2-1: Called Strike 2-2: Foul Ball, location: 2F 2-2: Ball 3-2: Base on Balls
|
Batting: LHB Zion Davidson
|
0-0: Ball 1-0: Fly out, F6 (Flyball, 56D, EV 86.2 MPH)
|
Pinch Hitting: SHB Jared O'Connor
|
0-0: Ball 1-0: Ball 2-0: Ball 3-0: Called Strike 3-1: Foul Ball, location: 2F 3-2: Foul Ball, location: 2F 3-2: Foul Ball, location: 2F 3-2: Foul Ball, location: 2F 3-2: Foul Ball, location: 2F 3-2: Fielders Choice at 2nd, 2-4 (Groundball, 2L, EV 66.9 MPH)
|
Pitching: RHP Jon Glenn
|
|
Batting: RHB Yuichi Takata
|
0-0: Called Strike 0-1: Ball 1-1: Ball 2-1: Foul Ball, location: 2F 2-2: Fly out, F6 (Popup, 6D, EV 57.5 MPH)
|
Bottom of the 6th over - 0 runs, 0 hits, 0 errors, 1 left on base; Cleveland 1 - Kansas City 4 |
TOP OF THE 7TH |
Cleveland Guardians batting - Pitching for Kansas City Royals : RHP Ken Hall
|
Pitching: LHP Yorinobu Noguchi
|
|
Now at 3B: Jared O'Connor
|
|
Batting: RHB Hiroshige Yamada
|
0-0: Ball 1-0: Fly out, F8 (Flyball, 89D, EV 75.6 MPH)
|
Pinch Hitting: RHB Carlos Abrego
|
0-0: Called Strike 0-1: Swinging Strike 0-2: Strikes out looking
|
Pinch Hitting: LHB Brent Albertson
|
0-0: SINGLE (Line Drive, 56D, EV 101.9 MPH)
|
Batting: LHB Danny Dunham
|
0-0: Called Strike 0-1: Ball 1-1: Foul Ball, location: 2F 1-2: Foul Ball, location: 2F 1-2: Ball 2-2: Strikes out swinging
|
Top of the 7th over - 0 runs, 1 hit, 0 errors, 1 left on base; Cleveland 1 - Kansas City 4 |
BOTTOM OF THE 7TH |
Kansas City Royals batting - Pitching for Cleveland Guardians : RHP Jon Glenn
|
Pitching: LHP Katsumi Omura
|
|
Now at 3B: Carlos Abrego
|
|
Now in RF: Brent Albertson
|
|
Batting: RHB Adam Martin
|
0-0: Ball 1-0: Ball 2-0: Called Strike 2-1: SINGLE (Groundball, 6D, EV 101.2 MPH)
|
Batting: LHB Sam Britt
|
0-0: Called Strike 0-1: Ball 1-1: Grounds into double play, 4-6-3 (Groundball, 4, EV 88.1 MPH)
|
Batting: RHB Imbart Faber
|
0-0: Called Strike 0-1: Swinging Strike 0-2: Ball 1-2: Strikes out looking
|
Bottom of the 7th over - 0 runs, 1 hit, 0 errors, 0 left on base; Cleveland 1 - Kansas City 4 |
TOP OF THE 8TH |
Cleveland Guardians batting - Pitching for Kansas City Royals : LHP Yorinobu Noguchi
|
Pitching: LHP John Brooks
|
|
Pinch Hitting: RHB Blake Ballard
|
0-0: Ball 1-0: Foul Ball, location: 2F 1-1: Ball 2-1: Foul Ball, location: 2F 2-2: Fly out, F9 (Flyball, 9S, EV 81.9 MPH)
|
Batting: RHB Alex Rodriguez Jr.
|
0-0: Ball 1-0: Called Strike 1-1: Ground out 3-1 (Groundball, 34, EV 98.8 MPH)
|
Batting: LHB John Harring
|
0-0: Foul Ball, location: 2F 0-1: Ball 1-1: Ball 2-1: Foul Ball, location: 2F 2-2: Ground out 1-6-3 (Groundball, 15S, EV 106.9 MPH)
|
Top of the 8th over - 0 runs, 0 hits, 0 errors, 0 left on base; Cleveland 1 - Kansas City 4 |
BOTTOM OF THE 8TH |
Kansas City Royals batting - Pitching for Cleveland Guardians : LHP Katsumi Omura
|
Pitching: LHP Zach Masengill
|
|
Now in CF: Blake Ballard
|
|
Batting: LHB Roman Downey
|
0-0: Ball 1-0: Ball 2-0: Ball 3-0: Base on Balls
|
Batting: LHB Chris Eaker
|
0-0: SINGLE (Line Drive, 34D, EV 110.0 MPH) Roman Downey to second
|
Batting: RHB Bob Najar
|
0-0: Called Strike 0-1: Swinging Strike 0-2: Strikes out swinging
|
Batting: LHB Zion Davidson
|
0-0: Foul Ball, location: 2F 0-1: Foul Ball, location: 2F 0-2: Ball 1-2: Strikes out looking
|
Batting: SHB Jared O'Connor
|
0-0: Swinging Strike 0-1: Called Strike 0-2: Foul Ball, location: 2F 0-2: Ball 1-2: SINGLE (Line Drive, 8LS, EV 97.5 MPH) Roman Downey to third Chris Eaker to second Runner from 3rd tries for Home, SAFE, throw by CF to home
|
Batting: RHB Yuichi Takata
|
0-0: Called Strike 0-1: Called Strike 0-2: Strikes out looking
|
Bottom of the 8th over - 1 run, 2 hits, 0 errors, 2 left on base; Cleveland 1 - Kansas City 5 |
TOP OF THE 9TH |
Cleveland Guardians batting - Pitching for Kansas City Royals : LHP John Brooks
|
Pitching: LHP Gregg Meyers
|
|
Batting: RHB Christian Blue
|
0-0: Ball 1-0: Foul Ball, location: 2F 1-1: Ground out 4-3 (Groundball, 4, EV 93.1 MPH)
|
Batting: RHB Casey Truax
|
0-0: Foul Ball, location: 2F 0-1: Swinging Strike 0-2: Foul Ball, location: 2RF, Error on foul ball, E2 0-2: Foul Ball, location: 2F 0-2: TRIPLE (Flyball, 78XD, EV 105.6 MPH)
|
Batting: RHB Hiroshige Yamada
|
0-0: Ball 1-0: DOUBLE (Line Drive, 7LS, EV 91.9 MPH) Casey Truax scores
|
Batting: RHB Carlos Abrego
|
0-0: Ball 1-0: Ball 2-0: Ball 3-0: Called Strike 3-1: DOUBLE (Line Drive, 7LS, EV 102.5 MPH) Hiroshige Yamada scores
|
Pinch Hitting: RHB Luis Restrepo
|
0-0: Ball 1-0: Ball 2-0: Called Strike 2-1: Foul Ball, location: 2F 2-2: Ball 3-2: Foul Ball, location: 2F 3-2: Base on Balls
|
Batting: LHB Danny Dunham
|
0-0: SINGLE (Groundball, 6MD, EV 96.9 MPH) Carlos Abrego to third Luis Restrepo to second
|
Batting: RHB Blake Ballard
|
0-0: Called Strike 0-1: Fly out, F9 (Flyball, 89M, EV 88.8 MPH)
|
Pinch Hitting: RHB Juan Flores
|
0-0: Foul Ball, location: 2F 0-1: Called Strike 0-2: Ball 1-2: Fielders Choice at 2nd, 6-4 (Groundball, 6, EV 106.9 MPH)
|
Top of the 9th over - 2 runs, 4 hits, 1 error, 3 left on base; Cleveland 3 - Kansas City 5 |
|